Map: Acid Plant LE

Players

SCAnalysT

  • Race: Terran Terran
  • League: Master
  • Spawn Location: 11:00

zomgCoBfAce - Winner!

  • Race: Terran Terran
  • League: Diamond
  • Spawn Location: 5:00

VOD

https://www.youtube.com/watch?v=2Ijc7rgyz7M&t=12s

Description

This build order has directions of going mech vs mech in tvt, but the vod has details of going mech vs most play styles!

Time

  • Played on: May 10, 2018, 10:43 p.m.
  • Length: 12:42
Show
View Real Time Build Order
Export as new Build Order

SCAnalysT Terran 

Build Orders: Cyclone Opening, Reaper Expand, Mech 

Get SALT Encoding   

  12  0:00  SCV  
  13  0:13  SCV  
  14  0:17  Supply Depot  
  14  0:25  SCV  
  15  0:28  Refinery  
  15  0:38  SCV  
  16  0:45  Barracks  
  16  0:52  SCV  
  17  1:04  SCV  
  18  1:16  SCV  
  19  1:31  Orbital Command  
  19  1:32  Reaper  
  20  1:44  Command Center  
  20  1:54  Factory  
  20  1:57  SCV  
  21  2:06  Barracks Reactor  
  21  2:09  SCV  
  21  2:13  Supply Depot  
  22  2:16  Refinery  
  22  2:22  SCV  
  23  2:34  SCV  
  24  2:46  SCV  
  24  2:47  Cyclone, Hellion  
  30  2:57  Orbital Command  
  30  2:58  SCV  
  31  3:08  Cyclone, Supply Depot  
  31  3:10  SCV  
  35  3:23  SCV x2  
  35  3:26  Cyclone  
  39  3:35  SCV x2  
  39  3:40  Cyclone  
  44  3:43  Supply Depot  
  44  3:47  SCV x2  
  44  3:48  Refinery  
  46  3:50  Refinery  
  46  3:58  Cyclone  
  46  3:59  SCV x2  
  51  4:06  Supply Depot  
  51  4:11  SCV x2  
  51  4:15  Cyclone  
  56  4:23  SCV x2  
  58  4:31  Armory  
  58  4:35  SCV  
  59  4:39  SCV  
  59  4:40  Command Center  
  59  4:42  Engineering Bay  
  59  4:45  Cyclone  
  63  4:47  SCV  
  63  4:51  Supply Depot  
  64  4:53  Supply Depot  
  64  4:55  SCV  
  65  5:08  SCV x2  
  65  5:12  Missile Turret  
  67  5:17  Factory  
  67  5:18  Terran Vehicle Weapons Level 1  
  67  5:19  Factory  
  67  5:22  Armory  
  67  5:31  SCV x2  
  67  5:37  Missile Turret  
  67  5:40  Cyclone x2  
  73  5:43  SCV  
  73  5:46  Starport  
  74  5:53  Orbital Command  
  74  5:54  Barracks Reactor  
  74  5:55  SCV x2  
  76  6:05  Sensor Tower  
  76  6:06  Factory Tech Lab x2  
  76  6:07  SCV x2  
  76  6:10  Supply Depot  
  78  6:11  Terran Vehicle And Ship Armor Level 1  
  78  6:19  SCV x3  
  78  6:21  Cyclone  
  87  6:31  SCV x2, Refinery  
  87  6:32  Refinery  
  89  6:38  Siege Tank  
  92  6:40  Siege Tank  
  92  6:41  SCV  
  92  6:43  SCV x2, Hellion  
  92  6:46  Supply Depot  
  97  6:48  Supply Depot  
  97  6:54  Factory  
  97  6:56  Factory  
  97  6:57  SCV  
  97  6:58  SCV  
  99  7:01  Viking  
  101  7:18  SCV x3  
  104  7:23  Siege Tank x2  
  104  7:24  Hellion x2  
  114  7:30  SCV x3  
  114  7:32  Supply Depot  
  114  7:33  Supply Depot  
  117  7:42  Factory Tech Lab x2  
  115  7:44  Viking x2  
  119  7:53  Hellion x2  
  119  7:54  SCV  
  119  7:56  Terran Vehicle Weapons Level 2  
  119  7:57  Supply Depot  
  124  8:00  Supply Depot x2  
  124  8:05  SCV x2, Supply Depot  
  124  8:06  Supply Depot  
  124  8:11  Command Center  
  126  8:14  Viking x2  
  126  8:17  Terran Vehicle And Ship Armor Level 2  
  130  8:23  Hellion x3, Starport x2  
  130  8:25  Infernal Pre-Igniter, Hellion x2  
  140  8:28  Hellion  
  142  8:41  SCV x3  
  142  8:44  Hellion  
  142  8:45  Viking x2, Hellion  
  153  8:52  Siege Tank x2  
  153  8:55  Hellion x2  
  159  9:01  Starport Tech Lab x2  
  159  9:06  Fusion Core  
  159  9:07  SCV x2  
  161  9:13  Hellion x2  
  161  9:16  Sensor Tower  
  165  9:34  Viking, Corvid Reactor  
  165  9:36  Viking x3  
  171  9:50  Siege Tank x2  
  177  10:01  Planetary Fortress  
  177  10:06  Liberator x2  
  133  10:22  Siege Tank  
  140  10:30  Siege Tank  
  143  10:42  Siege Tank  
  148  10:43  Hellion x2  
  153  10:50  Siege Tank  
  153  10:51  Viking  
  153  10:55  Hellion  
  146  11:12  Viking, Raven  
  146  11:20  SCV x3  
  146  11:22  Refinery  
  146  11:23  Refinery  
  149  11:33  Command Center  
  149  11:35  Command Center  
  149  11:43  Command Center  
  142  11:59  Siege Tank x4  
  142  12:00  Hellion x2  
Show
View Real Time Build Order
Export as new Build Order

zomgCoBfAce Terran - Winner!

Build Orders: Cyclone Opening, Reaper Expand, Mech 

Get SALT Encoding   

  12  0:01  SCV  
  13  0:13  SCV  
  14  0:17  Supply Depot  
  14  0:25  SCV  
  15  0:28  Refinery  
  15  0:39  SCV  
  16  0:45  Barracks  
  16  0:53  SCV  
  17  1:05  SCV  
  18  1:17  SCV  
  19  1:32  Orbital Command  
  19  1:33  Reaper  
  20  1:44  Command Center  
  20  1:55  Factory  
  20  1:59  SCV  
  21  2:06  Barracks Reactor  
  21  2:07  Refinery  
  21  2:11  SCV  
  22  2:16  Supply Depot  
  22  2:23  SCV  
  23  2:38  SCV  
  24  2:48  Cyclone, Hellion  
  29  2:51  SCV  
  29  2:58  Orbital Command  
  30  3:03  SCV  
  31  3:09  Cyclone  
  34  3:12  Supply Depot  
  34  3:23  Cyclone  
  34  3:24  SCV x2  
  39  3:36  SCV x2  
  41  3:41  Cyclone  
  41  3:46  Supply Depot  
  44  3:51  SCV x2  
  46  3:55  Cyclone  
  49  4:03  SCV x2  
  49  4:09  Refinery  
  51  4:11  Refinery  
  51  4:13  Command Center  
  51  4:16  SCV x2  
  53  4:22  Cyclone  
  56  4:27  Supply Depot  
  56  4:29  SCV x2  
  58  4:40  Cyclone  
  58  4:41  SCV  
  58  4:45  Armory  
  62  4:49  SCV  
  62  4:51  Supply Depot  
  63  4:55  SCV  
  62  5:04  Cyclone  
  64  5:12  Factory, SCV x2  
  64  5:13  Factory  
  66  5:23  Supply Depot  
  66  5:24  SCV  
  66  5:25  SCV  
  68  5:31  Cyclone  
  68  5:34  Terran Vehicle Weapons Level 1  
  71  5:37  SCV x2  
  73  5:49  Hellion  
  75  5:54  SCV  
  75  5:55  SCV, Supply Depot, Barracks Reactor, Starport  
  77  5:59  Factory Tech Lab x2  
  77  6:02  Orbital Command  
  77  6:05  Supply Depot  
  77  6:07  SCV x2  
  77  6:08  Cyclone  
  82  6:14  Supply Depot  
  82  6:15  Supply Depot  
  82  6:19  SCV x2  
  82  6:22  Siege Tank x2  
  90  6:31  SCV x2  
  90  6:32  Starport Reactor  
  92  6:36  SCV  
  93  6:41  Refinery  
  93  6:43  SCV x2, Cyclone x2  
  101  6:48  SCV  
  101  6:51  Supply Depot  
  101  6:52  Supply Depot  
  102  6:55  SCV x2  
  102  6:59  Siege Tank  
  102  7:00  SCV  
  111  7:03  Supply Depot  
  111  7:07  SCV  
  111  7:08  SCV  
  113  7:13  SCV  
  112  7:19  SCV  
  112  7:20  SCV  
  114  7:25  SCV  
  114  7:29  Command Center  
  115  7:30  Refinery  
  115  7:31  SCV  
  115  7:32  SCV  
  115  7:33  Siege Tank x2  
  115  7:35  Cyclone x2  
  126  7:37  SCV  
  126  7:42  Armory  
  126  7:43  SCV  
  128  7:44  SCV  
  126  7:54  Factory, SCV  
  126  7:55  SCV  
  126  7:56  SCV, Viking  
  126  7:57  Factory  
  131  8:02  Supply Depot x2  
  131  8:04  Supply Depot  
  131  8:10  SCV x3  
  134  8:22  Supply Depot  
  134  8:24  SCV x2  
  134  8:25  SCV, Engineering Bay  
  134  8:26  Siege Tank x2, Hellion x2  
  147  8:30  Viking x2  
  151  8:36  SCV x2  
  151  8:37  SCV, Terran Vehicle And Ship Armor Level 1  
  151  8:38  Terran Vehicle Weapons Level 2  
  154  8:46  Command Center  
  154  8:54  Smart Servos  
  154  8:57  SCV x2  
  154  8:59  Factory Tech Lab  
  154  9:00  Factory Tech Lab  
  154  9:02  Viking x2  
  160  9:08  Missile Turret  
  160  9:09  Missile Turret  
  160  9:10  Sensor Tower  
  160  9:12  Planetary Fortress  
  160  9:30  Siege Tank x2  
  166  9:35  Refinery  
  166  9:37  Refinery  
  166  9:41  Command Center  
  166  9:46  Command Center, Starport  
  166  9:47  Starport  
  166  9:53  Hellion x2  
  166  9:59  Siege Tank x2  
  139  10:16  Siege Tank, Cyclone x2  
  145  10:29  Siege Tank  
  145  10:31  Siege Tank  
  151  10:37  Starport Reactor, Starport Tech Lab  
  151  11:00  Refinery  
  151  11:01  Missile Turret  
  151  11:02  Siege Tank x3  
  160  11:04  Refinery  
  160  11:11  Orbital Command x2  
  126  11:22  Hellion  
  126  11:23  Hellion  
  126  11:26  Siege Tank  
  126  11:31  Factory  
  129  11:33  Factory  
  129  11:34  Siege Tank  
  132  11:41  Siege Tank x2  
  132  11:50  Viking x5  
  115  12:25  Command Center  
  115  12:28  Command Center  
  95  12:32  Factory x2  
Tags
 
Add a new tag
Caveats
  • Supply blocks, unpowered buildings, or Contaminate may cause inaccurate times.
  • Supply counts are checked every 10 seconds.